 Seeded DCSS version 0.29.1-13-g9f3cf754e1 (webtiles) character file.

Game seed: 10786124958312911374 (custom seed)

4691 OTABOTABOTAB the Skirmisher (level 10, -3/79 HPs)
             Began as a Gnoll Hunter on Jan 24, 2023.
             Was a Follower of Okawaru.
             Slain by a sun demon (15 damage)
             ... on level 2 of the Abyss.
             The game lasted 00:09:45 (7647 turns).

OTABOTABOTAB the Skirmisher (Gnoll Hunter)          Turns: 7647, Time: 00:09:46

Health: -3/79      AC: 15    Str: 11    XL:     10   Next: 44%
Magic:  18/18      EV: 15    Int: 11    God:    Okawaru [*.....]
Gold:   401        SH:  0    Dex: 17    Spells: 20/20 levels left

rFire   . . .      SeeInvis +   u - +14 obsidian axe {vorpal, Mesm Drain Fly SInv}
rCold   + . .      Faith    .   (no shield)
rNeg    . . .      Spirit   .   b - +2 leather armour {rC+}
rPois   .          Reflect  .   (no helmet)
rElec   .          Harm     .   (no cloak)
rCorr   .          Rampage  .   v - +2 pair of gloves
Will    .....                   l - +1 pair of boots
Stlth   +++.......              (no amulet)
HPRegen 0.23/turn               A - +4 ring of protection
MPRegen 0.16/turn               (no ring)

@: flying, mesmerised
A: fangs 1, strong nose, distributed training
a: Renounce Religion, Heroism


You were on level 2 of the Abyss.
You worshipped Okawaru.
Okawaru was aware of your devotion.
You visited 2 branches of the dungeon, and saw 9 of its levels.
You visited the Abyss 1 time.

You collected 401 gold pieces.

Inventory:

Hand Weapons
 a - a +1 shortbow
 u - the +14 obsidian axe (weapon) {vorpal, Mesm Drain Fly SInv}
   (You took it off a gnoll on level 2 of the Dungeon)

   It inflicts extra damage upon your enemies.
   It occasionally summons demons to assist the wielder when it strikes in
   combat.
   Its wielder is mesmerised by any visible foes.
   It cannot be unequipped while any foes are visible.
   SInv:      It lets you see invisible.
   Fly:       It grants you flight.
   Drain:     It drains your maximum health when unequipped.
Missiles
 n - 5 boomerangs
 s - 98 stones
 z - 12 poisoned darts
 B - 3 throwing nets {!d}
Armour
 b - a +2 leather armour of cold resistance (worn)
   (You found it on level 2 of the Dungeon)
 i - a +0 helmet
   (You found it on level 6 of the Dungeon)
 k - a +0 cloak
   (You found it on level 6 of the Dungeon)
 l - a +1 pair of boots (worn)
   (You found it on level 1 of the Dungeon)
 v - a +2 pair of gloves (worn)
   (You found it on level 3 of the Dungeon)
Jewellery
 A - a +4 ring of protection (left hand)
   (You found it on level 6 of the Dungeon)
Wands
 e - a wand of charming (12)
   (You found it on level 3 of the Dungeon)
 j - a wand of polymorph (14)
   (You found it on level 4 of the Dungeon)
 q - a wand of flame (32)
   (You found it on level 5 of the Dungeon)
Scrolls
 d - a scroll of amnesia {unknown}
 m - 3 scrolls of poison {!r}
 p - a scroll of identify {@r1}
 w - 4 scrolls of enchant weapon
 x - 2 scrolls of butterflies
 D - 4 scrolls of blinking {!r}
 E - a scroll of fear
 K - 3 scrolls of immolation {!r}
 V - a scroll of vulnerability {!r!r}
 Y - 3 scrolls of teleportation {@r3}
Potions
 c - 2 potions of cancellation {unknown}
 f - a potion of mutation {unknown}
 g - 3 potions of degeneration {unknown}
 h - a potion of might {unknown}
 o - 2 potions of flight {unknown}
 r - a potion of brilliance {unknown}
 t - 2 potions of haste {unknown}
 G - 2 potions of ambrosia {!q}
 I - 2 potions of invisibility
 J - 3 potions of curing {@q1}
 N - 4 potions of heal wounds {@q2}
 P - 6 potions of lignification {!q}
 R - 2 potions of resistance
 T - 2 potions of berserk rage {!q}


   Skills:
 + Level 7.2 Fighting
 + Level 5.5 Short Blades
 + Level 5.5 Long Blades
 + Level 5.5 Axes
 + Level 5.5 Maces & Flails
 + Level 5.5 Polearms
 + Level 5.5 Staves
 + Level 10.2 Ranged Weapons
 + Level 5.5 Throwing
 + Level 5.5 Armour
 + Level 7.2 Dodging
 + Level 6.0 Stealth
 + Level 5.5 Shields
 + Level 5.5 Unarmed Combat
 + Level 5.5 Spellcasting
 + Level 4.5 Conjurations
 + Level 4.5 Hexes
 + Level 4.5 Summonings
 + Level 4.5 Necromancy
 + Level 4.5 Translocations
 + Level 4.5 Transmutations
 + Level 4.5 Fire Magic
 + Level 4.5 Ice Magic
 + Level 4.5 Air Magic
 + Level 4.5 Earth Magic
 + Level 4.5 Poison Magic
 + Level 6.0 Invocations
 + Level 5.5 Evocations


You had 20 spell levels left.
You didn't know any spells.
Your spell library contained the following spells:

 Spells                   Type           Power      Damage    Failure   Level
 Freeze                   Ice            52%        1d7       4%          1
 Sublimation of Blood     Necr           13%        N/A       6%          2
 Frozen Ramparts          Ice            26%        1d4       12%         3
 Hailstorm                Conj/Ice       13%        3d5       36%         4
 Petrify                  Tmut/Erth      13%        N/A       36%         4
 Irradiate                Conj/Tmut      6%         3d13      73%         5
 Summon Ice Beast         Ice/Summ       Unusable   N/A       N/A         4
 Summon Mana Viper        Hex/Summ       Unusable   N/A       N/A         5
 Monstrous Menagerie      Summ           Unusable   N/A       N/A         7

Dungeon Overview and Level Annotations

Branches:
Dungeon (10/15)            Temple (1/1) D:6
   Lair: D:8-11         Orc: D:9-12

Altars:
Ashenzari
Dithmenos
Elyvilon
Gozag
Hepliaklqana
Kikubaaqudgha
Nemelex Xobeh
Okawaru
Qazlal
Ru
Sif Muna
Trog
Uskayaw
Vehumet
Wu Jian
Xom
Yredelemnul
Zin
The Shining One
Lugonu

Shops:
D:5 :

Portals:
Abyss: D:5


Innate Abilities, Weirdness & Mutations

You have very sharp teeth.
Your uncanny sense of smell can sniff out nearby items.
Your experience applies equally to all skills.


Message History

The steam dragon closely misses you.
The steam dragon claws you but does no damage.
The steam dragon breathes steam at you. The ball of steam hits you!
You take 9 damage, and have 50/79 hp.
Unknown command.
You slice the steam dragon!!
You break out of your daze!
You kill the steam dragon!
Okawaru accepts your kill.
The steam dragon scales are intact enough to wear.
No target in view!
No target in view!
K - 3 scrolls of immolation {!r} (gained 1)
You see here a +1 dagger of chaos.
Health restored: 79
Okay, then.
D - 4 scrolls of blinking {!r} (gained 1)
s - 98 stones (gained 1)
You now have 386 gold pieces (gained 20).
You now have 401 gold pieces (gained 15).
A wizard comes into view. It is wielding a +0 dagger.
Visions of slaying the wizard flood into your mind.
A wizard is nearby!
An orc priest comes into view. It is wielding a +0 flail.
The orc priest shouts!
An orc comes into view. It is wielding a +0 hand axe.
The orc priest moves out of view.
An orc warrior comes into view. It is wielding a +0 glaive.
Unknown command.
The orc warrior shouts!
The orc shouts!
Visions of slaying the orc priest flood into your mind.
The orc warrior hits you from afar with a +0 glaive!
The orc priest misses you.
You take 14 damage, and have 65/79 hp.
You barely miss the orc priest.
The orc warrior hits you from afar with a +0 glaive!
The orc priest hits you but does no damage.
You take 6 damage, and have 59/79 hp.
The wizard shouts!
You slice the orc priest!!
You break out of your daze!
You kill the orc priest!
Okawaru accepts your kill.
You barely miss the orc.
Visions of slaying the orc flood into your mind.
The orc warrior hits you from afar with a +0 glaive!
The wizard casts a spell at you.
The fireball explodes!
The fireball engulfs you!!
* * * LOW HITPOINT WARNING * * *
The fireball engulfs the orc!!
You are no longer entranced.
The orc dies!
The orc warrior closely misses you.
You hear a shout! x5
You are too injured to fight recklessly!
You are too injured to fight recklessly!
You are too injured to fight recklessly!
Unknown command.
You take 37 damage, and have 22/79 hp.
MASSIVE DAMAGE!!
You are too injured to fight recklessly!
You feel much better.
Visions of slaying the orc warrior flood into your mind.
The orc warrior barely misses you.
You regained 23 hp, and now have 45/79 hp.
The orc warrior hits you with a +0 glaive.
Things that are here:
a +0 hand axe; a +0 scale mail You take 4 damage, and have 41/79 hp.
You slash the wizard! You bite the wizard. You hit the orc warrior.
The orc warrior hits you with a +0 glaive!
The wizard points at you and mumbles some strange words.
You are cast into the Abyss!
This branch contains the abyssal rune of Zot.
You take 10 damage, and have 31/79 hp.
A sun demon comes into view.
You regained 2 hp, and now have 33/79 hp.
You are too injured to fight recklessly!
You are too injured to fight recklessly!
You are too injured to fight recklessly!
Visions of slaying the sun demon flood into your mind.
The sun demon shouts!
You hit the sun demon but do no damage. The sun demon closely misses you.
The sun demon misses you.
You hit the sun demon. Your bite misses the sun demon.
The sun demon completely misses you.
You slash the sun demon! The sun demon hits you!
* * * LOW HITPOINT WARNING * * *
You are engulfed in flames!
* * * LOW HITPOINT WARNING * * *
The sun demon barely misses you.
You take 23 damage, and have 11/79 hp.
MASSIVE DAMAGE!!
You slash the sun demon! The sun demon closely misses you.
You barely miss the sun demon. The sun demon closely misses you. x2
You closely miss the sun demon.
The quasit gives a chilling moan.
The sun demon hits you!
You die...

.# .. .. ...
.....##...
##.. #.....#.
..# #.....#.
...##.
.....##......
. #.........#
...##5§......#
....§.......##
... #3@...##
#.#........ #
.#........
.###....... ##
#..#.##.
....... ......
....


You could see a sun demon (mesmerising) and a quasit.

Vanquished Creatures
  Pikel (D:4)
  Maggie (D:7)
  Sigmund (D:2)
  2 steam dragons
  An ogre (D:6)
  A centaur (D:5)
  2 phantoms
  2 kobold brigands
  3 bullfrogs
  A necrophage (D:7)
  3 scorpions (D:5)
  13 wights
  6 howler monkeys
  4 crimson imps (D:10)
  7 orc priests
  4 hounds
  A jelly (D:6)
  A gnoll bouda (D:3)
  Terence (D:2)
  6 iguanas
  3 orc wizards
  8 adders
  25 gnolls
  2 shadow imps
  A white imp (D:6)
  An ufetubus (D:6)
  3 worms
  5 dart slugs
  31 orcs
  13 ball pythons
  8 endoplasms
  3 giant cockroaches
  8 goblins
  10 hobgoblins
  11 jackals (D:3)
  15 kobolds
  5 quokkas
  2 training dummies (D:4)
  10 bats
  2 frilled lizards (D:2)
  5 rats
232 creatures vanquished.

Vanquished Creatures (collateral kills)
  An ice beast (D:3)
  An ogre (D:5)
  A gnoll sergeant (D:2)
  A necrophage (D:4)
  A wight (D:6)
  A gnoll bouda (D:4)
  An orc wizard (D:4)
  7 gnolls (D:3)
  10 orcs
  A ball python (D:4)
25 creatures vanquished.

Vanquished Creatures (others)
  2 orcs
  A hobgoblin (D:3)
  A plant (D:3)
4 creatures vanquished.

Grand Total: 261 creatures vanquished

Notes
Turn   | Place    | Note
-------+----------+-------------------------------------------
     0 | D:1      | OTABOTABOTAB the Gnoll Hunter began the quest for the Orb.
     0 | D:1      | Reached XP level 1. HP: 20/20 MP: 1/1
   156 | D:1      | Reached XP level 2. HP: 26/26 MP: 2/2
   200 | D:1      | Reached XP level 3. HP: 31/31 MP: 3/3
   353 | D:1      | Reached skill level 1 in Invocations
   438 | D:1      | Reached skill level 1 in Short Blades
   438 | D:1      | Reached skill level 1 in Long Blades
   438 | D:1      | Reached skill level 1 in Axes
   438 | D:1      | Reached skill level 1 in Maces & Flails
   438 | D:1      | Reached skill level 1 in Polearms
   438 | D:1      | Reached skill level 1 in Staves
   438 | D:1      | Reached skill level 1 in Throwing
   438 | D:1      | Reached skill level 1 in Armour
   438 | D:1      | Reached skill level 1 in Shields
   438 | D:1      | Reached skill level 1 in Unarmed Combat
   438 | D:1      | Reached skill level 1 in Spellcasting
   438 | D:1      | Reached skill level 1 in Evocations
   857 | D:2      | Reached XP level 4. HP: 38/38 MP: 5/5
  1041 | D:2      | Noticed Sigmund
  1045 | D:2      | Killed Sigmund
  1046 | D:2      | Reached skill level 3 in Stealth
  1046 | D:2      | Reached skill level 1 in Conjurations
  1046 | D:2      | Reached skill level 1 in Hexes
  1046 | D:2      | Reached skill level 1 in Summonings
  1046 | D:2      | Reached skill level 1 in Necromancy
  1046 | D:2      | Reached skill level 1 in Translocations
  1046 | D:2      | Reached skill level 1 in Transmutations
  1046 | D:2      | Reached skill level 1 in Fire Magic
  1046 | D:2      | Reached skill level 1 in Ice Magic
  1046 | D:2      | Reached skill level 1 in Air Magic
  1046 | D:2      | Reached skill level 1 in Earth Magic
  1046 | D:2      | Reached skill level 1 in Poison Magic
  1046 | D:2      | Reached skill level 2 in Invocations
  1046 | D:2      | Reached XP level 5. HP: 32/43 MP: 5/7
  1046 | D:2      | Reached XP level 6. HP: 38/50 MP: 5/8
  1154 | D:2      | Noticed Terence
  1159 | D:2      | Killed Terence
  1160 | D:2      | Reached skill level 5 in Fighting
  1160 | D:2      | Reached skill level 5 in Dodging
  1314 | D:2      | Reached skill level 2 in Short Blades
  1314 | D:2      | Reached skill level 2 in Long Blades
  1314 | D:2      | Reached skill level 2 in Axes
  1314 | D:2      | Reached skill level 2 in Maces & Flails
  1314 | D:2      | Reached skill level 2 in Polearms
  1314 | D:2      | Reached skill level 2 in Staves
  1314 | D:2      | Reached skill level 2 in Throwing
  1314 | D:2      | Reached skill level 2 in Armour
  1314 | D:2      | Reached skill level 2 in Shields
  1314 | D:2      | Reached skill level 2 in Unarmed Combat
  1314 | D:2      | Reached skill level 2 in Spellcasting
  1314 | D:2      | Reached skill level 2 in Evocations
  1556 | D:2      | Found the +3 woodcutter's axe {vorpal}
  1563 | D:2      | HP: 9/51 [gnoll sergeant/+2 trident of protection (12)]
  1563 | D:2      | HP: 2/51 [gnoll/+0 club (7)]
  2042 | D:3      | Reached XP level 7. HP: 56/56 MP: 10/10
  2215 | D:3      | Reached skill level 2 in Conjurations
  2215 | D:3      | Reached skill level 2 in Hexes
  2215 | D:3      | Reached skill level 2 in Summonings
  2215 | D:3      | Reached skill level 2 in Necromancy
  2215 | D:3      | Reached skill level 2 in Translocations
  2215 | D:3      | Reached skill level 2 in Transmutations
  2215 | D:3      | Reached skill level 2 in Fire Magic
  2215 | D:3      | Reached skill level 2 in Ice Magic
  2215 | D:3      | Reached skill level 2 in Air Magic
  2215 | D:3      | Reached skill level 2 in Earth Magic
  2215 | D:3      | Reached skill level 2 in Poison Magic
  2519 | D:3      | Reached skill level 9 in Ranged Weapons
  2684 | D:3      | Reached skill level 3 in Invocations
  2712 | D:3      | Reached skill level 3 in Short Blades
  2712 | D:3      | Reached skill level 3 in Long Blades
  2712 | D:3      | Reached skill level 3 in Axes
  2712 | D:3      | Reached skill level 3 in Maces & Flails
  2712 | D:3      | Reached skill level 3 in Polearms
  2712 | D:3      | Reached skill level 3 in Staves
  2712 | D:3      | Reached skill level 3 in Throwing
  2712 | D:3      | Reached skill level 3 in Armour
  2712 | D:3      | Reached skill level 3 in Shields
  2712 | D:3      | Reached skill level 3 in Unarmed Combat
  2712 | D:3      | Reached skill level 3 in Spellcasting
  2712 | D:3      | Reached skill level 3 in Evocations
  2712 | D:3      | Reached XP level 8. HP: 57/63 MP: 12/12
  2829 | D:3      | HP: 15/63 [orc/+0 dagger (2)]
  3134 | D:3      | Reached skill level 4 in Stealth
  3365 | D:3      | Found a faded altar of an unknown god.
  4134 | D:4      | Reached skill level 4 in Invocations
  4144 | D:4      | Reached skill level 3 in Conjurations
  4144 | D:4      | Reached skill level 3 in Hexes
  4144 | D:4      | Reached skill level 3 in Summonings
  4144 | D:4      | Reached skill level 3 in Necromancy
  4144 | D:4      | Reached skill level 3 in Translocations
  4144 | D:4      | Reached skill level 3 in Transmutations
  4144 | D:4      | Reached skill level 3 in Fire Magic
  4144 | D:4      | Reached skill level 3 in Ice Magic
  4144 | D:4      | Reached skill level 3 in Air Magic
  4144 | D:4      | Reached skill level 3 in Earth Magic
  4144 | D:4      | Reached skill level 3 in Poison Magic
  4269 | D:4      | Noticed Pikel
  4275 | D:4      | Killed Pikel
  4276 | D:4      | Reached skill level 6 in Fighting
  4276 | D:4      | Reached skill level 4 in Short Blades
  4276 | D:4      | Reached skill level 4 in Long Blades
  4276 | D:4      | Reached skill level 4 in Axes
  4276 | D:4      | Reached skill level 4 in Maces & Flails
  4276 | D:4      | Reached skill level 4 in Polearms
  4276 | D:4      | Reached skill level 4 in Staves
  4276 | D:4      | Reached skill level 4 in Throwing
  4276 | D:4      | Reached skill level 4 in Armour
  4276 | D:4      | Reached skill level 6 in Dodging
  4276 | D:4      | Reached skill level 4 in Shields
  4276 | D:4      | Reached skill level 4 in Unarmed Combat
  4276 | D:4      | Reached skill level 4 in Spellcasting
  4276 | D:4      | Reached skill level 4 in Evocations
  4276 | D:4      | Reached XP level 9. HP: 66/69 MP: 13/15
  4757 | D:5      | Entered Level 5 of the Dungeon
  4949 | D:5      | Reached skill level 5 in Stealth
  5096 | D:5      | Found Hiusoiha's Book Shoppe.
  5254 | D:5      | Found a large runed translucent door.
  5254 | D:5      | Found a large runed translucent door.
  5288 | D:5      | Reached skill level 5 in Invocations
  5356 | D:5      | Found a corrupted altar of Lugonu.
  5364 | D:5      | Identified the +6 rapier of Kixiopt {distort, Int+5}
  5402 | D:5      | Found a glowing silver altar of Zin.
  5447 | D:5      | Found a one-way gate to the infinite horrors of the Abyss.
  5730 | D:6      | Found a staircase to the Ecumenical Temple.
  5743 | D:6      | Reached skill level 4 in Conjurations
  5743 | D:6      | Reached skill level 4 in Hexes
  5743 | D:6      | Reached skill level 4 in Summonings
  5743 | D:6      | Reached skill level 4 in Necromancy
  5743 | D:6      | Reached skill level 4 in Translocations
  5743 | D:6      | Reached skill level 4 in Transmutations
  5743 | D:6      | Reached skill level 4 in Fire Magic
  5743 | D:6      | Reached skill level 4 in Ice Magic
  5743 | D:6      | Reached skill level 4 in Air Magic
  5743 | D:6      | Reached skill level 4 in Earth Magic
  5743 | D:6      | Reached skill level 4 in Poison Magic
  5923 | Temple   | Entered the Ecumenical Temple
  6156 | Temple   | Became a worshipper of Warmaster Okawaru
  6212 | D:6      | Found a broken altar of Ashenzari.
  6388 | D:6      | Reached skill level 5 in Short Blades
  6388 | D:6      | Reached skill level 5 in Long Blades
  6388 | D:6      | Reached skill level 5 in Axes
  6388 | D:6      | Reached skill level 5 in Maces & Flails
  6388 | D:6      | Reached skill level 5 in Polearms
  6388 | D:6      | Reached skill level 5 in Staves
  6388 | D:6      | Reached skill level 5 in Throwing
  6388 | D:6      | Reached skill level 5 in Armour
  6388 | D:6      | Reached skill level 5 in Shields
  6388 | D:6      | Reached skill level 5 in Unarmed Combat
  6388 | D:6      | Reached skill level 5 in Spellcasting
  6388 | D:6      | Reached skill level 5 in Evocations
  6388 | D:6      | Reached XP level 10. HP: 30/77 MP: 17/17
  6857 | D:7      | Reached skill level 10 in Ranged Weapons
  6860 | D:7      | Reached skill level 7 in Fighting
  6860 | D:7      | Reached skill level 7 in Dodging
  6962 | D:7      | Noticed Maggie
  6967 | D:7      | Reached * piety under Okawaru
  6974 | D:7      | Killed Maggie
  7327 | D:7      | You are sucked into a shaft and drop 3 floors!
  7327 | D:10     | Entered Level 10 of the Dungeon
  7328 | D:10     | Found a shimmering altar of Xom.
  7408 | D:10     | Reached skill level 6 in Stealth
  7413 | D:10     | Reached skill level 6 in Invocations
  7616 | D:10     | Noticed a wizard
  7629 | Abyss:2  | Cast into level 2 of the Abyss (a wizard)
  7639 | Abyss:2  | Noticed a sun demon
  7644 | Abyss:2  | HP: 11/79 [sun demon (10)]
  7647 | Abyss:2  | Slain by a sun demon

Illustrated notes

Levels and vault maps discovered:
D:1:      shiori_arrival_elements, layout_basic
D:2:      wander_river, layout_basic, pf_guarded_unrand_woodcutter,
          uniq_sigmund, uniq_terence
D:3:      lemuel_castle_with_subvaults [lemuel_castle_interior_original],
          layout_rooms, shapermc_ecumenical_altar_totnotflames
D:4:      dreamdust_elfheim, layout_layer_cave, uniq_pikel
D:5:      due_chaos_kobolds, layout_cave_pools, zin_scriptorium, serial_shops,
          nicolae_shop_crystal
D:6:      cheibrodos_iron_armory, layout_rooms, nicolae_ashenzari_panopticon,
          minmay_temple_entry_waves
D:7:      layout_rooms, uniq_maggie
D:10:     minmay_smoke_and_mirrors, layout_small_grid, led_xom_imps, uniq_joseph
Temple:   nicolae_temple_slightly_damp_pantheon
Abyss:2:  base: D:1, evilmike_abyss_exit_glass, hangedman_abyss_overflow_altar

Skill      XL: |  1  2  3  4  5  6  7  8  9 10 |
---------------+-------------------------------+-----
Invocations    | 1 2 3 4 5 6 |  6.0
Short Blades   | 1 2 3 4 5 |  5.5
Long Blades    | 1 2 3 4 5 |  5.5
Axes           | 1 2 3 4 5 |  5.5
Maces & Flails | 1 2 3 4 5 |  5.5
Polearms       | 1 2 3 4 5 |  5.5
Staves         | 1 2 3 4 5 |  5.5
Throwing       | 1 2 3 4 5 |  5.5
Armour         | 1 2 3 4 5 |  5.5
Shields        | 1 2 3 4 5 |  5.5
Unarmed Combat | 1 2 3 4 5 |  5.5
Spellcasting   | 1 2 3 4 5 |  5.5
Evocations     | 1 2 3 4 5 |  5.5
Stealth        | 3 4 5 6 |  6.0
Conjurations   | 1 2 3 4 |  4.5
Hexes          | 1 2 3 4 |  4.5
Summonings     | 1 2 3 4 |  4.5
Necromancy     | 1 2 3 4 |  4.5
Translocations | 1 2 3 4 |  4.5
Transmutations | 1 2 3 4 |  4.5
Fire Magic     | 1 2 3 4 |  4.5
Ice Magic      | 1 2 3 4 |  4.5
Air Magic      | 1 2 3 4 |  4.5
Earth Magic    | 1 2 3 4 |  4.5
Poison Magic   | 1 2 3 4 |  4.5
Fighting       | 5 6 7 |  7.2
Dodging        | 5 6 7 |  7.2
Ranged Weapons | 9 10 | 10.2

Action                   |  1- 3 |  4- 6 |  7- 9 | 10-12 || total
-------------------------+-------+-------+-------+-------++-------
Melee: Broad axe         |       |    15 |   194 |    71 ||   280
       Bite              |       |     1 |    15 |     6 ||    22
       Punch             |       |       |     2 |       ||     2
 Fire: Shortbow          |    87 |    51 |       |       ||   138
  Use: Scroll            |       |       |    16 |     2 ||    18
       Potion            |       |       |     1 |     1 ||     2
 Stab: Sleeping          |       |     1 |    12 |     1 ||    14
       Distracted        |       |       |     1 |       ||     1
Armor: Leather armour    |     5 |     2 |    52 |    26 ||    85
Dodge: Dodged            |    14 |    22 |   136 |    61 ||   233

Table legend: (Time is in decaauts)
 A = Elapsed time spent in this place.
 B = Non-inter-level travel time spent in this place.
 C = Inter-level travel time spent in this place.
 D = Time resting spent in this place.
 E = Time spent auto-exploring this place.
 F = Levels seen in this place.
 G = Mean time per level.
                   A        B        C        D        E       F      G
               +--------+--------+--------+--------+--------+-----+--------+
         Total |   7780 |   7470 |    310 |   1190 |   4991 |  10 |  778.0 |
       Dungeon |   7505 |   7249 |    256 |   1190 |   4800 |   8 |  938.1 |
        Temple |    254 |    200 |     54 |      0 |    182 |   1 |  254.0 |
         Abyss |     19 |     19 |      0 |      0 |      9 |   1 |   19.0 |
               +--------+--------+--------+--------+--------+-----+--------+

Top non-repeatable levels by time:
     D:3: 1532 daAuts
     D:2: 1260 daAuts
     D:4: 1202 daAuts
     D:5: 906 daAuts
     D:1: 847 daAuts
     D:6: 838 daAuts
     D:7: 610 daAuts
    D:10: 308 daAuts
  Temple: 254 daAuts
 Abyss:2: 19 daAuts

Table legend:
 A = Kills in this place as a percentage of kills in entire the game.
 B = Kills by you in this place as a percentage of kills by you in the entire game.
 C = Kills by friends in this place as a percentage of kills by friends in the entire game.
 D = Other kills in this place as a percentage of other kills in the entire game.
 E = Experience gained in this place as a percentage of experience gained in the entire game.
 F = Experience gained in this place divided by the number of levels of this place that you have seen.
                   A       B       C       D       E      F
               +-------+-------+-------+-------+-------+----------------------
         Total | 100.0 | 100.0 | 100.0 | 100.0 | 100.0 | 670.2
       Dungeon | 100.0 | 100.0 | 100.0 | 100.0 | 100.0 | 837.8
               +-------+-------+-------+-------+-------+----------------------
